 Dungeon Crawl Stone Soup version 0.29.1-1-gd02db6906a (webtiles) character file.

Game seed: 6873070040774861587

2 croobank the Caller (level 1, 0/7 HPs)
             Began as a Felid Summoner on Sept 21, 2022.
             Slain by a giant cockroach (1 damage)
             ... on level 1 of the Dungeon.
             The game lasted 00:05:20 (218 turns).

croobank the Caller (Felid Summoner)                 Turns: 218, Time: 00:05:21

Health: 0/7        AC:  1    Str:  4    XL:     1   Next: 33%
Magic:  1/4        EV: 17    Int: 16    God:
Gold:   18         SH:  0    Dex: 16    Spells: 3/4 levels left
                                        Lives:  0   Deaths: 0

rFire   . . .      SeeInvis +   (weapon unavailable)
rCold   . . .      Faith    .   (shield unavailable)
rNeg    . . .      Spirit   .   (body armour unavailable)
rPois   .          Reflect  .   (helmet unavailable)
rElec   .          Harm     .   (cloak unavailable)
rCorr   .          Rampage  .   (gloves unavailable)
Will    .....                   (boots unavailable)
Stlth   +.........              (no amulet)
HPRegen 0.02/turn               (no ring)
MPRegen 0.09/turn               (no ring)

@: very slow
A: very small, claws 1, fangs 3, see invisible, speed 1, shaggy fur 1, stealthy
paws, no weapons or thrown items, no armour, multi-lived
a: no special abilities


You were on level 1 of the Dungeon.
You visited 1 branch of the dungeon, and saw 1 of its levels.

You collected 18 gold pieces.

You aren't carrying anything.


   Skills:
 + Level 2.8 Dodging
 + Level 2.8 Stealth
 + Level 2.0 Spellcasting
 + Level 4.0 Summonings


You had 3 spell levels left.
You knew the following spells:

 Your Spells              Type           Power      Damage    Failure   Level
a - Summon Small Mammal   Summ           56%        N/A       4%          1

Your spell library contained the following spells:

 Spells                   Type           Power      Damage    Failure   Level
 Call Imp                 Summ           14%        N/A       6%          2
 Call Canine Familiar     Summ           14%        N/A       12%         3
 Summon Guardian Golem    Hex/Summ       8%         N/A       26%         3
 Summon Lightning Spire   Summ/Air       8%         N/A       65%         4


Dungeon Overview and Level Annotations

Branches:
Dungeon (1/15)

Altars:


Innate Abilities, Weirdness & Mutations

You have sharp claws.
You have razor-sharp teeth.
You have supernaturally acute eyesight. (SInv)
You cover ground quickly. (Speed+)
You are covered in fur. (AC +1)
Your paws help you pounce on unaware monsters.
You are incapable of wielding weapons or throwing items.
You cannot wear armour.
You gain extra lives every three experience levels.


Message History

You swap places.
Your bat hits the jackal. The jackal attacks as you move away!
The jackal bites you.
* * * LOW HITPOINT WARNING * * *
The jackal misses your bat.
Casting: Summon Small Mammal (safe; 4% risk of failure)
Confirm with . or Enter, or press ? or * to list all spells.
Your bat disappears in a puff of smoke!
Your bat hits the jackal.
Your bat hits the jackal but does no damage.
The jackal barely misses your bat.
The giant cockroach barely misses your bat.
The jackal closely misses you. The jackal attacks as you move away!
The jackal closely misses you.
You enter the shallow water.
Moving in this stuff is going to be slow.
Your bat barely misses the jackal.
Your bat misses the jackal. The jackal bites your bat.
Your bat closely misses the jackal.
You swap places.
Your bat barely misses the jackal.
The jackal bites your bat but does no damage.
The jackal bites your rat.
Your bat misses the jackal.
Your rat bites the jackal.
The jackal closely misses your bat. The jackal bites your rat.
Your rat dies!
Your rat's corpse disappears in a puff of smoke!
Casting: Summon Small Mammal (safe; 4% risk of failure)
Confirm with . or Enter, or press ? or * to list all spells.
Your bat closely misses the jackal.
The jackal barely misses your bat. The jackal closely misses your bat.
You swap places.
Your bat closely misses the jackal.
Your bat closely misses the giant cockroach.
Your bat barely misses the giant cockroach.
The jackal splashes around in the water.
The jackal bites the plant.
The plant begins to die.
The jackal closely misses your bat.
You scratch the giant cockroach.
The giant cockroach is heavily wounded.
Your bat hits the jackal but does no damage.
Your bat hits the giant cockroach but does no damage.
The jackal bites the plant.
The giant cockroach bites you.
You die...

# # ####
####P~♣##
#..[h~♣~##
###...bb~~P#
##......P≈@♣#
###..#....hBP~#
#...##...Pr♣♣##
#.#######P~P#
#.# #####
#####.# h.....#
#.##### #.#


You could see a quokka, 2 jackals, a giant cockroach (ally target) and 2
friendly bats.

Vanquished Creatures (collateral kills)
  An endoplasm (D:1)
  A jackal (D:1)
2 creatures vanquished.

Vanquished Creatures (others)
  7 plants (D:1)
7 creatures vanquished.

Grand Total: 9 creatures vanquished

Notes
Turn   | Place    | Note
-------+----------+-------------------------------------------
     0 | D:1      | croobank the Felid Summoner began the quest for the Orb.
     0 | D:1      | Reached XP level 1. HP: 7/7 MP: 4/4
   218 | D:1      | Slain by a giant cockroach

Illustrated notes

Levels and vault maps discovered:
D:1:      dpeg_arrival_simpleton_c, layout_basic, serial_bayou,
          serial_bayou_lagoon_b, serial_bayou_pond_c, serial_bayou_lake_a,
          serial_bayou_shore_b, ebering_ecumenical_altar_petrified,
          serial_park_tiny_pond, minmay_octomino_e4

Action                   || total
-------------------------++-------
Melee: Unarmed           ||     3
 Cast: Summon Small Mamm ||    17
  Use: Potion            ||     1
Dodge: Dodged            ||    20
